 Dungeon Crawl Stone Soup version 0.28.0-45-g0d030f2227 (webtiles) character file.

Game seed: 1907890008921280424

4061 Bruhh the Protected (level 10, -8/80 HPs)
             Began as a Human Fighter on Apr 20, 2022.
             Was a Believer of Nemelex Xobeh.
             Killed from afar by Fannar (38 damage)
             ... with a bolt of cold
             ... on level 10 of the Dungeon.
             The game lasted 00:34:39 (10485 turns).

Bruhh the Protected (Human Fighter)                Turns: 10485, Time: 00:34:39

Health: -8/80      AC: 13    Str: 21    XL:     10   Next: 49%
Magic:  16/16      EV:  9    Int:  8    God:    Nemelex Xobeh [**....]
Gold:   330        SH:  0    Dex: 13    Spells: 9/9 levels left

rFire   . . .      SeeInvis .   r - +2 great sword (freeze)
rCold   . . .      Faith    .   (shield currently unavailable)
rNeg    . . .      Spirit   .   f - +4 scale mail
rPois   .          Reflect  .   (no helmet)
rElec   +          Harm     .   (no cloak)
rCorr   .          Rampage  +   t - +0 pair of gloves of Evuaxkaufi {Rampage +Inv rElec Stlth+}
Will    .....                   (no boots)
Stlth   +.........              (no amulet)
HPRegen 0.23/turn               (no ring)
MPRegen 0.15/turn               (no ring)

@: hasted, very quick
A: no striking features
a: Renounce Religion, Evoke Invisibility, Draw Escape, Draw Destruction, Draw
Summoning


You were on level 10 of the Dungeon.
You worshipped Nemelex Xobeh.
Nemelex Xobeh was pleased with you.
You visited 2 branches of the dungeon, and saw 11 of its levels.
You also visited: Ossuary.

You collected 330 gold pieces.

Inventory:

Hand Weapons
 a - a +0 war axe
 h - the +5 whip of Fary {vorpal, *Slow Fly rCorr Stlth+}
   (You found it on level 5 of the Dungeon)

   It inflicts extra damage upon your enemies.
   Fly:       It grants you flight.
   rCorr:     It protects you from acid and corrosion.
   *Slow:     It may slow you when you take damage.
   Stlth:     It makes you more stealthy.
 r - a +2 great sword of freezing (weapon)
Missiles
 u - 2 curare-tipped darts
 w - 9 poisoned darts
Armour
 c - a +0 buckler
 d - a +0 plate armour
 f - a +4 scale mail (worn)
 o - a +0 kite shield
 t - the +0 pair of gloves of Evuaxkaufi (worn) {Rampage +Inv rElec Stlth+}
   (You found it on level 5 of the Dungeon)

   rElec:     It insulates you from electricity.
   +Inv:      It lets you turn invisible.
   Rampage:   It bestows one free step when moving towards enemies.
   Stlth:     It makes you more stealthy.
Jewellery
 e - a +6 ring of intelligence
 l - a +6 ring of intelligence
 n - an amulet of magic regeneration
Wands
 b - a wand of mindburst (14)
 B - a wand of paralysis (6)
Scrolls
 i - a scroll of immolation {unknown}
 j - a scroll of blinking
 m - 3 scrolls of teleportation
 p - 5 scrolls of enchant armour
 s - 2 scrolls of amnesia
 v - a scroll of identify
 x - a scroll of fear
 y - 2 scrolls of noise {unknown}
 z - a scroll of fog {unknown}
 A - a scroll of magic mapping {unknown}
 C - a scroll of holy word {unknown}
Potions
 g - 3 potions of curing
 k - a potion of lignification


   Skills:
 - Level 8.0 Fighting
 - Level 6.0 Long Blades
 - Level 2.0 Axes
 + Level 8.7 Armour
 - Level 3.0 Shields
 - Level 8.0 Invocations


You had 9 spell levels left.
You didn't know any spells.
Your spell library contained the following spells:

 Spells                   Type           Power      Damage    Failure   Level
 Animate Skeleton         Necr           0%         N/A       71%         1
 Apportation              Tloc           0%         N/A       71%         1
 Summon Small Mammal      Summ           0%         N/A       71%         1
 Static Discharge         Conj/Air       0%         N/A       83%         2
 Sublimation of Blood     Necr           0%         N/A       83%         2
 Wereblood                Tmut           0%         N/A       83%         2
 Lightning Bolt           Conj/Air       0%         1d11      100%        5
 Summon Hydra             Summ           0%         N/A       100%        7
 Maxwell's Capacitive Co  Air            0%         ∞         100%        8


Dungeon Overview and Level Annotations

Branches:
Dungeon (10/15)            Temple (1/1) D:5            Lair (0/6) D:8
    Orc (0/2) D:9         Ossuary (visited)

Altars:
Ashenzari
Cheibriados
Dithmenos
Elyvilon
Fedhas
Gozag
Hepliaklqana
Kikubaaqudgha
Makhleb
Nemelex Xobeh
Qazlal
Ru
Sif Muna
Trog
Uskayaw
Wu Jian
Xom
Yredelemnul
Zin
The Shining One

Shops:
D:2 *   D:9 (

Annotations:
D:10 Fannar


Message History

The howler monkey hits you but does no damage.
The howler monkey hits you.
* * * LOW HITPOINT WARNING * * *
The howler monkey hoots and howls with incredible vigour!
You hear an angry hiss.
Found a stone staircase leading down.
There is a stone staircase leading down here.
You climb downwards.
There is a stone staircase leading up here.
You start resting.
HP restored.
Fannar the Cold-Hearted comes into view.
They are wielding a staff of cold and wearing a +2 robe of cold resistance.
Fannar gestures wildly while chanting.
Fannar blinks!
Fannar moves out of view.
Fannar is nearby!
You feel yourself speed up.
You rampage towards Fannar!
Found a scroll of amnesia.
You slice Fannar!! You freeze Fannar.
Fannar is moderately wounded.
Fannar points at you and mumbles some strange words.
The bolt of cold hits you!!
You hit Fannar but do no damage.
Fannar is moderately wounded.
Fannar hits you but does no damage. Fannar freezes you!
You hit Fannar.
Fannar is moderately wounded.
Fannar barely misses you.
You hit Fannar but do no damage.
Fannar is moderately wounded.
Fannar closely misses you.
You barely miss Fannar.
Fannar is moderately wounded.
Fannar gestures wildly while chanting.
Fannar drains the heat from the surrounding environment!
You barely miss Fannar.
Fannar is moderately wounded.
Fannar gestures at you while chanting. The bolt of cold hits you!!!
You die...
Your body glows slightly and disappears.

.. +#######.
.........
#....... .
......### ..
#+###....#8##...
#...#.?.e.......
#...####@.......
#...............
#.......##8###8#
#....<..# ##
#...##### #...#
#...# +...#
#...#


You could see Fannar.

Vanquished Creatures
  Pikel (D:4)
  A komodo dragon (D:6)
  5 yaks
  3 orc warriors
  An ice beast (D:6)
  2 sky beasts
  2 black bears
  Duvessa (D:5)
  A necrophage (D:6)
  An ogre (D:4)
  A centaur (D:8)
  2 lemures (D:5)
  3 kobold brigands
  A bullfrog (D:8)
  A gnoll sergeant (D:5)
  2 scorpions
  2 water moccasin zombies (Ossuary)
  A wyvern skeleton (D:6)
  Dowan (D:5)
  3 centaur zombies
  A jelly (D:7)
  2 hounds
  2 orc priests
  An iguana (D:4)
  8 orc wizards
  Jessica (D:3)
  Ijyb (D:4)
  A killer bee zombie (D:8)
  2 hound zombies (D:4)
  2 mummies (Ossuary)
  A howler monkey skeleton (D:7)
  A howler monkey zombie (D:4)
  7 gnolls
  6 adders
  A shadow imp (D:6)
  An ufetubus (D:5)
  2 adder zombies (Ossuary)
  An adder skeleton (D:4)
  4 worms
  A dart slug (D:2)
  52 orcs
  2 endoplasms (D:1)
  3 giant cockroaches
  4 goblins
  6 hobgoblins
  4 jackals (D:4)
  33 kobolds
  A quokka (D:3)
  9 ball pythons
  6 bats
  2 frilled lizards
  3 gnoll zombies (Ossuary)
  4 hobgoblin zombies (Ossuary)
  2 kobold zombies (Ossuary)
  5 orc zombies (Ossuary)
  A quokka zombie (D:4)
  6 rats (D:1)
224 creatures vanquished.

Vanquished Creatures (others)
  24 plants (D:6)
24 creatures vanquished.

Grand Total: 248 creatures vanquished

Notes
Turn   | Place    | Note
-------+----------+-------------------------------------------
     0 | D:1      | Bruhh the Human Fighter began the quest for the Orb.
     0 | D:1      | Reached XP level 1. HP: 18/18 MP: 1/1
    30 | D:1      | Noticed a shining eye
    82 | D:1      | Found a faded altar of an unknown god.
    84 | D:1      | Noticed a great orb of eyes
    84 | D:1      | Noticed a golden eye
    84 | D:1      | Noticed an eye of devastation
   215 | D:1      | Reached XP level 2. HP: 24/24 MP: 2/2
   622 | D:1      | Reached XP level 3. HP: 28/30 MP: 3/3
  1288 | D:2      | Reached XP level 4. HP: 38/38 MP: 4/4
  1637 | D:2      | Found Sebeem's General Store.
  1998 | D:3      | Reached skill level 5 in Fighting
  2044 | D:3      | Noticed Jessica
  2062 | D:3      | Killed Jessica
  2063 | D:3      | Reached XP level 5. HP: 18/44 MP: 5/5
  2578 | D:3      | Reached XP level 6. HP: 19/53 MP: 6/6
  3451 | D:4      | Noticed an ogre
  3460 | D:4      | Killed an ogre
  3461 | D:4      | Reached XP level 7. HP: 37/60 MP: 7/7
  3730 | D:4      | Found a sand-covered staircase.
  3736 | Ossuary  | Entered an ossuary
  3980 | Ossuary  | Reached skill level 1 in Long Blades
  4750 | D:4      | Found a basalt altar of Yredelemnul.
  4894 | D:5      | Entered Level 5 of the Dungeon
  5112 | D:5      | Reached XP level 8. HP: 39/68 MP: 8/8
  5183 | D:5      | Identified the +0 pair of gloves of Evuaxkaufi {Rampage
                  | +Inv rElec Stlth+}
  5276 | D:5      | Noticed Duvessa
  5276 | D:5      | Noticed Dowan
  5280 | D:5      | Killed Duvessa
  5580 | D:4      | Reached skill level 5 in Long Blades
  5664 | D:5      | Killed Dowan
  5899 | D:5      | Found a staircase to the Ecumenical Temple.
  5912 | Temple   | Entered the Ecumenical Temple
  6125 | Temple   | Became a worshipper of Nemelex Xobeh the Trickster
  6155 | D:5      | Noticed Ijyb
  6156 | D:5      | Noticed Pikel
  6573 | D:4      | Killed Pikel
  6574 | D:4      | Reached XP level 9. HP: 20/74 MP: 9/13
  6840 | D:4      | Killed Ijyb
  7225 | D:5      | Identified the +5 whip of Fary {vorpal, *Slow Fly rCorr
                  | Stlth+}
  8528 | D:7      | Noticed a komodo dragon
  8530 | D:7      | Reached * piety under Nemelex Xobeh
  8540 | D:6      | Killed a komodo dragon
  9019 | D:7      | Reached skill level 5 in Armour
  9205 | D:7      | Reached XP level 10. HP: 73/80 MP: 16/16
  9296 | D:7      | Found a hide-covered altar of Uskayaw.
  9296 | D:7      | Found an ornate altar of the Wu Jian Council.
  9447 | D:7      | Received a gift from Nemelex Xobeh
  9449 | D:7      | Found a glowing golden altar of the Shining One.
  9875 | D:8      | Found a staircase to the Lair.
  9883 | D:8      | Reached ** piety under Nemelex Xobeh
  9927 | D:8      | Noticed a two-headed ogre
  9945 | D:9      | Found a staircase to the Orcish Mines.
 10057 | D:9      | Found Dihan's Weapon Emporium.
 10236 | D:10     | Entered Level 10 of the Dungeon
 10475 | D:10     | Noticed Fannar
 10485 | D:10     | Killed from afar by Fannar

Illustrated notes

Levels and vault maps discovered:
D:1:      mrwooster_arrival_statue_3, layout_loops_ring,
          hellmonk_ecumenical_altar_watching_god, minmay_tetromino_o4
D:2:      layout_basic, serial_shops, nicolae_shop_behind_doors, hex_large
D:3:      layout_rooms, uniq_jessica
D:4:      layout_rooms, nicolae_yredelemnul_corpse_copse,
          nicolae_ossuary_entry_monument
D:5:      layout_cave_pools, minmay_temple_entry_glassed_door, uniq_pikel,
          uniq_ijyb, uniq_duvessa
D:6:      kennysheep_kobold_camp, layout_basic
D:7:      layout_loops_ring, mainiacjoe_overflow_chevrons,
          gammafunk_temple_overflow_wave
D:8:      layout_cave_pools, kennysheep_mini, lair_entry_dummy, enter_bailey_5,
          nicolae_shop_self_help
D:9:      layout_loops_corners, okawaru_gym_becter, orc_david_3
D:10:     layout_stronghold, corexii_hall_statues_s, st_stairs_9, uniq_maurice,
          uniq_fannar
Temple:   regret_index_temple_sphere_string

Skill      XL: |  1  2  3  4  5  6  7  8  9 10 |
---------------+-------------------------------+-----
Fighting       | 4 5 6 7 8 |  8.0
Long Blades    | 3 6 |  6.0
Invocations    | 6 8 |  8.0
Armour         | 5 8 |  8.7
Axes           | |  2.0
Shields        | |  3.0

Action                   |  1- 3 |  4- 6 |  7- 9 | 10-12 || total
-------------------------+-------+-------+-------+-------++-------
Melee: War axe           |    77 |   131 |       |       ||   208
       Great sword       |       |     5 |   309 |    74 ||   388
  Use: Potion            |       |     2 |    10 |     2 ||    14
       Scroll            |       |       |     8 |     1 ||     9
Armor: Scale mail        |    44 |    56 |   226 |    72 ||   398
Dodge: Dodged            |    31 |    59 |   215 |    52 ||   357
Block: Buckler           |    12 |    10 |       |       ||    22
